AoeStats
← 只会打步弓

Arabia

509420268Analyzed
1v1 RM · 5d ago on Sep 26, 2026· 20m 17s· 2 players
Game mode
Random Map
Map size
Tiny (2 player)
Population
200
Speed
Normal
Resources
Standard
Victory
Conquest
Starting age
Dark Age
Ending age
Imperial Age
RankedLock teamsTeams togetherTeam positionsShared explorationLock speedFull tech treeHidden civsTurbo modeCheats
Victory
Defeat
🇲🇽 Muisca · Mexico
1857
+19
🇨🇳 Mapuche · China
1930
-19
hk | SeFirox
7:01 Loom
9:20 Feudal Age
9:27 Champi Runner
19:05 Castle Age
18:11 Fletching
19:47 Wheelbarrow
19:57 Squires
20:14 Scale Mail Armor
只会打步弓
6:13 Loom
9:01 Feudal Age
10:11 Double-Bit Axe
10:45 Champi Runner
13:49 Fletching
17:18 Padded Archer Armor
Connection lost

Rejoining the realm…

Still unreachable

The connection could not be restored.

Session expired

The server has moved on; the page needs a fresh start.